 Dungeon Crawl Stone Soup version 0.16.1-11-g651b585 (webtiles) character file.

100 KarvaRausku the Conjurer (level 4, -1/33 HPs)
             Began as a Draconian Conjurer on Apr 7, 2015.
             Killed by divine providence
             ... invoked by an orc priest
              (10 damage)
             ... on level 2 of the Dungeon.
             The game lasted 00:07:25 (2529 turns).

KarvaRausku the Conjurer (Draconian Conjurer)       Turns: 2529, Time: 00:07:26

Health: -1/33      AC:  5    Str: 10    XL:     4   Next: 46%
Magic:  0/9        EV: 12    Int: 16    God:
Gold:   92         SH:  0    Dex: 12    Spells: 3 memorised, 3 levels left

rFire  . . .     SeeInvis .     j - +0 war axe (elec)
rCold  . . .     Clarity  .     (armour unavailable)
rNeg   . . .     SustAb   .     (no shield)
rPois  .         Gourm    .     (helmet restricted)
rElec  .         Spirit   .     (no cloak)
rCorr  .         Warding  .     (no gloves)
rMut   .         Stasis   .     (no boots)
MR     .....                    (no amulet)
Stlth  ++........               (no ring)
                                (no ring)

@: not resistant to hostile enchantments, unstealthy
A: unfitting armour, cold-blooded, AC +5
a: no special abilities


You were on level 2 of the Dungeon.
You were very hungry.

You visited 1 branch of the dungeon, and saw 2 of its levels.

You collected 92 gold pieces.

Inventory:

Hand weapons
 j - a +0 war axe of electrocution (weapon)
Scrolls
 a - 2 scrolls of remove curse {unknown}
 e - a scroll of recharging {unknown}
 g - 2 scrolls of identify {unknown}
 h - a scroll of noise {unknown}
 m - a scroll of magic mapping {unknown}
 o - a scroll of blinking {unknown}
Potions
 d - a potion of flight {unknown}
 f - a potion of lignification {unknown}
 i - a potion of curing {unknown}
 l - a potion of heal wounds {unknown}
Books
 c - a book of Conjurations

   Spells                             Type                      Level
   a - Magic Dart                     Conjuration                  1
   b - Searing Ray                    Conjuration                  2
   c - Dazzling Spray                 Conjuration/Hexes            3
   d - Fulminant Prism                Conjuration/Hexes            4
   e - Iskenderun's Mystic Blast      Conjuration                  4
   f - Iskenderun's Battlesphere      Conjuration/Charms           5
Comestibles
 b - a bread ration
 k - a slice of pizza
 n - a fruit


   Skills:
 + Level 2.4 Dodging
 + Level 2.5 Stealth
 * Level 3.1 Spellcasting
 + Level 4.3 Conjurations
 + Level 0.8 Hexes


You had 3 spell levels left.
You knew the following spells:

 Your Spells              Type           Power        Failure   Level  Hunger
a - Magic Dart            Conj           ###.         3%          1    None
b - Searing Ray           Conj           ###...       6%          2    ##.....
c - Dazzling Spray        Conj/Hex       ##......     21%         3    ###....


Dungeon Overview and Level Annotations

Branches:
Dungeon (2/15)

Altars:
Dithmenos
Xom


Innate Abilities, Weirdness & Mutations

Your plain brown scales are hard (AC +5).
Your body does not fit into most forms of armour.
Your cold-blooded metabolism reacts poorly to cold.


Message History

Aiming: Searing Ray
Press: ? - help, Shift-Dir - straight line, f - orc priest
Aim: an orc priest (hasn't noticed you)
The searing ray misses the orc priest.
The orc priest shouts!
The orc priest calls down the wrath of Beogh upon you.
Pain shoots through your body!
The searing ray misses the orc priest.
The orc priest looks braver.
The searing ray hits the orc priest.
The orc priest is heavily wounded.
The orc priest invokes the aid of Beogh against you.
Something smites you!
* * * LOW HITPOINT WARNING * * *
The orc priest invokes the aid of Beogh against you.
You barely resist.
There is a stone staircase leading up here.
The orc priest mumbles some strange prayers to Beogh against you.
Something smites you!
You die...

#####...# #..##.##..##..# #.....#
#..†###...##..# #.....#
##.......###..# #.....#
##.......K...# #.....#
###....####.# #.....# #####.###.#
#...).# #.....######
#####'######## ##.#.........
#.......@.###†)..........
#.......()'o)#.#.........
#.........##.#.#.#...#...
#.........##.#.#.........
#.........##.#.#.#.#.....
#..........#.#.#.#.......
######.....#.#.#.#.#(....
#.....#[#.#.........
#################(.....#.####.#..


You could see an orc priest.

Vanquished Creatures
  2 adders (D:2)
  3 gnolls
  A worm (D:2)
  4 orcs (D:2)
  4 bats
  6 hobgoblins
  5 kobolds
  3 giant cockroaches (D:1)
  5 giant newts
  3 goblins
  8 rats
44 creatures vanquished.

Notes
Turn   | Place    | Note
--------------------------------------------------------------
     0 | D:1      | KarvaRausku, the Draconian Conjurer, began the quest for the Orb.
     0 | D:1      | Reached XP level 1. HP: 14/14 MP: 3/3
   376 | D:1      | Reached XP level 2. HP: 8/20 MP: 1/4
   900 | D:2      | Found a shimmering altar of Xom.
  1072 | D:2      | Found a shadowy altar of Dithmenos.
  1403 | D:2      | Reached XP level 3. HP: 22/26 MP: 4/6
  1477 | D:2      | Learned a level 2 spell: Searing Ray
  1483 | D:2      | Learned a level 3 spell: Dazzling Spray
  1648 | D:1      | Reached XP level 4. HP: 7/33 MP: 2/9
  2529 | D:2      | Killed from afar by an orc priest

Action                   |  1- 3 |  4- 6 || total
-------------------------+-------+-------++-------
Melee: Unarmed           |    43 |       ||    43
       War axe           |    18 |     4 ||    22
 Cast: Magic Dart        |    77 |     7 ||    84
       Searing Ray       |     1 |     5 ||     6
  Use: Potion            |     1 |       ||     1
  Eat: Chunk             |     2 |     3 ||     5
